 Dungeon Crawl Stone Soup version 0.32-a0-705-g60f233581c (webtiles) character file.

Game seed: 13092521183967370654

171325 hikkokomori the Fetichist (level 18, -10/143 HPs)
             Began as a Coglin Hunter on Mar 14, 2024.
             Was an Initiate of Gozag.
             Mangled by a spriggan air mage
             ... wielding a staff of air
              (12 damage)
             ... on level 2 of the Elven Halls on Mar 15, 2024.
             The game lasted 01:19:14 (34653 turns).

hikkokomori the Fetichist (Coglin Hunter)          Turns: 34653, Time: 01:19:15

Health: -10/143    AC: 24    Str: 14    XL:     18   Next: 1%
Magic:  28/28      EV: 14    Int: 15    God:    Gozag
Gold:   7124       SH:  0    Dex: 23    Spells: 19/31 levels left

rFire   + . .        J - +4 dagger (drain) {Æthelred}
rCold   . . .        T - +4 demon whip (venom) {Sukanya}
rNeg    . . .        a - +5 scale mail of the Endless Expanse {rF+}
rPois   +            q - +0 helmet
rElec   .            h - +1 cloak
rCorr   +            d - +2 pair of gloves of Deneus {Int+6}
SInv    .            b - +2 pair of boots
Will    +++..        (amulet unavailable)
Stlth   +            (ring unavailable)
HPRegen 0.43/turn    (ring unavailable)
MPRegen 0.21/turn    V - supertungsten module {rPois Will+ rCorr Clar RMsl}

%: repel missiles, clarity
@: gold aura, enlightened, flying (expiring), revving
A: off-hand wielding, slow wielding, warmup strikes, no jewellery
a: Renounce Religion, Potion Petition, Call Merchant, Bribe Branch


You were on level 2 of the Elven Halls.
You worshipped Gozag.
Gozag was greatly pleased with you.
You visited 5 branches of the dungeon, and saw 25 of its levels.
You also visited: Sewer.

You collected 10866 gold pieces.
You spent 2409 gold pieces at shops.
You paid 1333 gold pieces to Gozag.

Inventory:

Hand Weapons
 y - the +5 whip of the Bashing Gods {antimagic, Will- Str+4 Dex+4}
   (You found it on level 3 of the Dungeon)

   Str+4:     It affects your strength (+4).
   Dex+4:     It affects your dexterity (+4).
   Will-:     It decreases your willpower.
 J - a +4 dagger of draining (weapon) {Æthelred}
 T - a +4 demon whip of venom (offhand) {Sukanya}
Missiles
 j - 5 curare-tipped darts
 F - 6 throwing nets
Armour
 a - the +5 scale mail of the Endless Expanse (worn) {rF+}
   (You bought it in a shop on level 2 of the Orcish Mines)

   rF+:       It protects you from fire.
 b - a +2 pair of boots (worn)
 d - the +2 pair of gloves of Deneus (worn) {Int+6}
   (You found it on level 14 of the Dungeon)

   Int+6:     It affects your intelligence (+6).
 h - a +1 cloak (worn)
 q - a +0 helmet (worn)
 O - a +2 pair of gloves of hurling
 Z - +0 storm dragon scales
Gizmo
 V - a supertungsten module (installed) {rPois Will+ rCorr Clar RMsl}
   (You invented it yourself on level 5 of the Lair of Beasts)

   [supertungsten module]

   rPois:     It protects you from poison.
   Will+:     It increases your willpower.
   Clar:      It protects you from confusion, rage, mesmerisation and fear.
   RMsl:      It protects you from missiles.
   rCorr:     It protects you from acid and corrosion.
Wands
 p - a wand of digging (13)
 C - a wand of warping (6)
 E - a wand of flame (26)
 H - a wand of polymorph (5)
 L - a wand of paralysis (19)
 S - a wand of quicksilver (3)
Scrolls
 f - 4 scrolls of fear
 i - 6 scrolls of teleportation
 n - 5 scrolls of vulnerability
 s - 2 scrolls of revelation
 u - 4 scrolls of poison
 v - 4 scrolls of immolation
 z - 2 scrolls of fog
 G - 2 scrolls of brand weapon
 I - 6 scrolls of noise
 K - 4 scrolls of enchant armour
 P - 2 scrolls of amnesia
 R - a scroll of butterflies
 W - 4 scrolls of enchant weapon
Potions
 e - 8 potions of curing
 g - 2 potions of brilliance
 k - 3 potions of haste
 m - a potion of ambrosia
 r - 2 potions of invisibility
 t - 4 potions of resistance
 w - 4 potions of magic
 x - 5 potions of lignification
 A - 2 potions of heal wounds
 B - 3 potions of mutation
 D - 2 potions of enlightenment
 N - 3 potions of attraction
 U - 2 potions of berserk rage
 X - 4 potions of might
Miscellaneous
 c - a lightning rod (4/4)
 l - a sack of spiders (inert)
 o - a phial of floods
 M - a condenser vane (inert)
 Y - a phantom mirror


   Skills:
 - Level 13.2 Fighting
 - Level 6.3 Short Blades
 + Level 13.3 Maces & Flails
 - Level 4.2 Ranged Weapons
 - Level 3.0 Throwing
 - Level 9.0 Armour
 - Level 9.0 Dodging
 - Level 3.0 Stealth
 - Level 7.0 Spellcasting
 - Level 7.0 Necromancy
 + Level 0.8 Translocations
 - Level 6.0 Alchemy
 - Level 18.0 Evocations


You had 19 spell levels left.
You knew the following spells:

 Your Spells              Type           Power      Damage    Failure   Level
a - Mephitic Cloud        Conj/Alch/Air  11%        N/A       50%         3
b - Fugue of the Fallen   Necr           26%        N/A       8%          3
c - Olgreb's Toxic Radia  Alch           23%        N/A       36%         4
d - Blink                 Tloc           14%        N/A       43%         2

Your spell library contained the following spells:

 Spells                   Type           Power      Damage    Failure   Level
 Sting                    Conj/Alch      56%        1d6       13%         1
 Mercury Vapours          Alch/Air       28%        N/A       19%         2
 Apportation              Tloc           14%        N/A       30%         1
 Magic Dart               Conj           20%        1d4       41%         1
 Sandblast                Erth           10%        2d5       41%         1
 Summon Small Mammal      Summ           20%        N/A       41%         1
 Lesser Beckoning         Tloc           14%        N/A       43%         2
 Call Imp                 Summ           10%        N/A       54%         2
 Jinxbite                 Hex            10%        N/A       54%         2
 Gell's Gravitas          Tloc           7%         N/A       67%         3
 Teleport Other           Tloc           7%         N/A       67%         3
 Alistair's Intoxication  Alch           15%        N/A       71%         5
 Volatile Blastmotes      Fire/Tloc      12%        2d11      73%         3
 Ignite Poison            Fire/Alch      14%        N/A       77%         4
 Sticky Flame             Fire/Alch      14%        2d5       77%         4
 Call Canine Familiar     Summ           5%         N/A       78%         3
 Hailstorm                Conj/Ice       5%         3d5       78%         3
 Inner Flame              Hex/Fire       5%         N/A       78%         3
 Ozocubu's Armour         Ice            5%         N/A       78%         3
 Passwall                 Erth           5%         N/A       78%         3
 Sigil of Binding         Hex            5%         N/A       78%         3
 Stone Arrow              Conj/Erth      10%        3d7       78%         3
 Summon Ice Beast         Ice/Summ       5%         N/A       78%         3
 Manifold Assault         Tloc           7%         N/A       97%         4
 Dimensional Bullseye     Hex/Tloc       3%         N/A       98%         4
 Irradiate                Conj/Alch      7%         3d14      98%         5
 Yara's Violent Unravell  Hex/Alch       7%         3d5       98%         5
 Brom's Barrelling Bould  Conj/Erth      5%         2d3       99%         4
 Summon Blazeheart Golem  Fire/Summ      5%         N/A       99%         4
 Eringya's Noxious Bog    Alch           11%        4d6       99%         6
 Freezing Cloud           Conj/Ice/Air   2%         6-21      100%        5
 Iskenderun's Battlesphe  Conj           5%         2d6       100%        5
 Summon Forest            Summ/Tloc      3%         N/A       100%        5
 Bombard                  Conj/Erth      2%         9d1       100%        6
 Permafrost Eruption      Ice/Erth       2%         2x4d2     100%        6
 Sculpt Simulacrum        Ice/Alch       7%         N/A       100%        6
 Enfeeble                 Hex            2%         N/A       100%        7
 Spellforged Servitor     Conj/Summ      2%         N/A       100%        7
 Summon Hydra             Summ           2%         N/A       100%        7
 Ignition                 Fire           2%         3d3       100%        8


Dungeon Overview and Level Annotations

Branches:
Dungeon (15/15)            Temple (1/1) D:5            Lair (5/5) D:10
 Shoals (0/4) Lair:2       Spider (0/4) Lair:3        Slime (0/5) Lair:4
    Orc (2/2) D:9             Elf (2/3) Orc:2        Vaults (0/5) D:13
 Depths (0/4) D:15          Sewer (visited)

Altars:
Ashenzari
Cheibriados
Dithmenos
Elyvilon
Fedhas
Gozag
Hepliaklqana
Kikubaaqudgha
Makhleb
Nemelex Xobeh
Okawaru
Qazlal
Ru
Sif Muna
Trog
Uskayaw
Vehumet
Wu Jian
Xom
Yredelemnul
Zin
The Shining One

Shops:
D:4 =*   D:9 [   D:10 [!!*?[   Orc:2 (:[=

Annotations:
Elf:2 exclusion: 2 lightning spires


Innate Abilities, Weirdness & Mutations

You can wield a second weapon in your off-hand.
It takes a long time for you to wield or remove held weapons.
Your first few attacks do less damage.
You cannot equip rings or amulets.


Message History

Okay, then.
Unknown command.
Press: ? - help, v - describe, . - travel
Here: a spriggan air mage, wielding a staff of air and wearing a +0 robe (water, repelling missiles) Some deep water.
Unknown command.
As you read the scroll of fear, it crumbles to dust.
You assume a fearsome visage.
The +2 whip of electrocution is unaffected.
The spriggan air mage resists with almost no effort. x2
The +2 whip of electrocution hits you.
* * * LOW HITPOINT WARNING * * *
The +2 whip of electrocution hits you.
* * * LOW HITPOINT WARNING * * *
You feel much better.
Careful!
You are starting to lose your buoyancy.
The +2 whip of electrocution hits you!
* * * LOW HITPOINT WARNING * * *
You are electrocuted!
* * * LOW HITPOINT WARNING * * *
The spriggan air mage points at you and mumbles some strange words.
The bolt of lightning hits the +2 whip of electrocution.
The +2 whip of electrocution completely resists.
The bolt of lightning is repelled.
The +2 whip of electrocution hits you.
* * * LOW HITPOINT WARNING * * *
You hear a shout!
Blink to where?
Press: ? - help, Dir - move target
As you read the scroll of blinking, it crumbles to dust.
You feel much better.
The +2 whip of electrocution is distracted by your dazzling golden aura.
The spriggan air mage waves its arms in wide circles.
The air twists around and strikes you!!
* * * LOW HITPOINT WARNING * * *
Unknown command.
You enter a dispersal trap!
The spriggan air mage blinks!
The +2 whip of electrocution blinks!
You blink.
The spriggan air mage hits you with a staff of air!
You die...
Your body crumbles into a pile of gold.

##.#######....
##..# ####. #..##
*. ####.## *#
#....# #.#.### ###
***##
#..##≈###≈##*,$.##
#..#≈≈≈≈(≈≈#,.≈..*
#@i##≈§#≈≈##.≈#I.#
#.='§≈#?#≈'.≈#|#≈<
#..##≈≈#≈≈##.I#..#
#..#≈≈≈≈≈§≈#~.≈..*
##.##≈###≈##*,e.##
##.### ### ***##
###


You could see a spriggan air mage (repels missiles) and a +2 whip of
electrocution.

Vanquished Creatures
  A sphinx (D:14)
  A fire giant (D:14)
  A deep elf sorcerer (Elf:1)
  Nessos (D:13)
  Azrael (D:12)
  3 fire dragons
  The ghost of jamsaran the Toxicologist, a journeyman DgAl (Lair:2)
  Snorg (D:10)
  2 ettins (D:14)
  A yaktaur captain (D:14)
  9 hydras
  Harold (D:11)
  An ogre mage (D:15)
  3 catoblepae (Lair:5)
  4 centaur warriors
  The ghost of Gadrel the Arsonist, a journeyman CoFE of Gozag (Lair:1)
  A death knight (D:14)
  3 death yaks (Lair:5)
  8 boulder beetles
  7 dancing weapons
  10 two-headed ogres
  3 orc high priests
  5 deep elf knights
  A fire crab (Lair:5)
  Lodul (D:10)
  2 skysharks (Lair:5)
  A skeletal warrior (D:11)
  A flayed ghost (D:12)
  3 arcanists
  An orb spider (Lair:3)
  7 deep elf archers (Elf:1)
  6 orc knights
  2 thermic dynamos (Elf:1)
  5 lindwurms
  A harpy (shapeshifter) (Elf:1)
  11 deep elf pyromancers
  10 deep elf zephyrmancers
  2 wolf spiders (D:14)
  The ghost of THTSBRD the Trooper, a novice CoGl of Beogh (D:6)
  3 cyclopes
  5 ugly things
  7 orc sorcerers
  3 meliai (D:12)
  16 elephants
  Joseph (D:9)
  A moth of wrath (shapeshifter) (D:14)
  3 black mambas
  4 kobold blastminers
  5 manticores
  6 torpor snails (Lair:5)
  2 cane toads (shapeshifter)
  8 cane toads
  An eye of devastation (Lair:4)
  Maggie (D:8)
  5 rime drakes
  An orange demon (Lair:2)
  2 kobold demonologists
  2 unseen horrors
  A freezing wraith (D:15)
  Psyche (D:8)
  8 komodo dragons
  2 tengu conjurers
  3 polar bears
  5 trolls
  A troll (shapeshifter) (D:15)
  4 tyrant leeches (Lair:5)
  A wind drake (shapeshifter) (D:13)
  6 blink frogs (Lair:5)
  11 hornets
  Prince Ribbit (D:5)
  2 dream sheep (Lair:5)
  A glass eye (Lair:4)
  9 slime creatures
  9 air elementals
  A centaur simulacrum (D:14)
  12 spriggans (Lair:4)
  A vampire (D:13)
  A water elemental (D:15)
  6 wraiths
  7 wyverns
  A shadow (D:11)
  9 fire bats (D:12)
  Grum (D:9)
  6 fire elementals
  35 yaks
  A hog (Lair:2)
  2 steam dragons
  17 humans
  3 basilisks
  2 wargs (D:9)
  6 vampire mosquitoes
  2 acid dragons
  12 water moccasins
  3 hell hounds (D:12)
  8 orc warriors
  2 ice beasts (D:6)
  A sky beast (D:6)
  3 laughing skulls (D:14)
  3 black bears
  2 boggarts (Lair:4)
  13 ogres
  12 centaurs
  21 wolves
  2 phantoms
  8 kobold brigands
  7 bullfrogs
  A gnoll sergeant (D:6)
  8 wights
  5 killer bees (D:8)
  An electric eel (D:10)
  2 howler monkeys
  A crimson imp (D:9)
  3 hounds
  3 jellies
  2 gnoll boudas
  17 orc priests
  5 iguanas
  A sleepcap (D:5)
  22 orc wizards
  13 gnolls
  12 adders
  A shadow imp (D:8)
  A white imp (D:6)
  2 ufetubi (D:5)
  3 ribbon worms
  3 dart slugs
  36 orcs
  10 ball pythons
  6 endoplasms
  11 giant cockroaches
  11 goblins
  7 hobgoblins
  3 jackals
  34 kobolds
  5 quokkas
  71 bats
  7 frilled lizards
  7 rats
789 creatures vanquished.

Vanquished Creatures (collateral kills)
  A tengu reaver (D:14)
  3 air elementals (Elf:2)
4 creatures vanquished.

Vanquished Creatures (others)
  2 lightning spires (Elf:2)
  A water elemental (Elf:1)
  A water moccasin (Lair:5)
  A boggart (Elf:1)
  2 orc wizards
7 creatures vanquished.

Grand Total: 800 creatures vanquished

Notes
Turn   | Place    | Note
-------+----------+-------------------------------------------
     0 | D:1      | hikkokomori the Coglin Hunter began the quest for the Orb.
     0 | D:1      | Reached XP level 1. HP: 16/16 MP: 1/1
   166 | D:1      | Reached XP level 2. HP: 23/23 MP: 2/2
   368 | D:1      | Reached XP level 3. HP: 28/28 MP: 3/3
   948 | D:2      | Identified the +5 scale mail of Loilotso {rPois rCorr}
  1107 | D:2      | Reached XP level 4. HP: 35/35 MP: 4/4
  1415 | D:3      | Found a glowing drain.
  1438 | D:3      | Reached skill level 1 in Armour
  1447 | Sewer    | Entered a sewer
  1471 | Sewer    | Noticed a kobold brigand
  1478 | Sewer    | Killed a kobold brigand
  1479 | Sewer    | Reached XP level 5. HP: 30/42 MP: 5/5
  1602 | Sewer    | Noticed a kobold brigand
  1611 | Sewer    | Killed a kobold brigand
  1612 | Sewer    | Reached XP level 6. HP: 10/49 MP: 6/6
  1902 | D:3      | Identified the +5 whip of the Bashing Gods {antimagic,
                  | Will- Str+4 Dex+4}
  2022 | D:3      | Found a burning altar of Makhleb.
  2493 | D:4      | Reached skill level 1 in Maces & Flails
  2957 | D:4      | Found Telas's Jewellery Boutique.
  3105 | D:4      | Reached skill level 1 in Short Blades
  3163 | D:4      | Reached skill level 5 in Fighting
  3203 | D:4      | Reached XP level 7. HP: 56/56 MP: 2/7
  3250 | D:4      | Found Unoinned's Serpentskin Sales.
  3533 | D:5      | Entered Level 5 of the Dungeon
  3794 | D:5      | Found a staircase to the Ecumenical Temple.
  3810 | D:5      | Reached skill level 1 in Evocations
  3810 | D:5      | Reached XP level 8. HP: 42/64 MP: 2/8
  3815 | D:5      | Noticed Prince Ribbit
  3819 | Temple   | Entered the Ecumenical Temple
  3827 | Temple   | Became a worshipper of Gozag Ym Sagoz the Greedy
  3895 | D:5      | Killed Prince Ribbit
  3896 | D:5      | Reached skill level 2 in Evocations
  4054 | D:5      | Found an iron altar of Okawaru.
  4236 | D:5      | Reached skill level 3 in Evocations
  4415 | D:5      | Found a shimmering altar of Xom.
  4720 | D:6      | Reached skill level 4 in Evocations
  4833 | D:6      | Reached XP level 9. HP: 69/71 MP: 3/9
  5003 | D:6      | Found a sacrificial altar of Ru.
  5159 | D:6      | Reached skill level 5 in Evocations
  5236 | D:6      | Found a runed translucent gate.
  5237 | D:6      | Found a runed translucent gate.
  5238 | D:6      | Found a runed translucent gate.
  5239 | D:6      | Noticed THTSBRD's ghost (novice CoGl)
  5541 | D:6      | Reached skill level 5 in Maces & Flails
  5580 | D:6      | Reached skill level 5 in Short Blades
  6367 | D:7      | Found a bloodstained altar of Trog.
  6497 | D:7      | Noticed a hornet
  6512 | D:7      | Killed a hornet
  6513 | D:7      | Reached skill level 6 in Evocations
  7386 | D:8      | Reached XP level 10. HP: 80/80 MP: 3/10
  7402 | D:8      | Reached skill level 7 in Evocations
  7570 | D:8      | Noticed Psyche
  7579 | D:8      | Killed Psyche
  7873 | D:8      | Noticed Maggie
  7881 | D:8      | Killed Maggie
  8384 | D:9      | Found a broken altar of Ashenzari.
  8403 | D:9      | Bought a pair of glowing gloves for 180 gold pieces
  8727 | D:9      | Noticed Grum
  8731 | D:9      | Reached skill level 8 in Evocations
  8736 | D:9      | Killed Grum
  9224 | D:9      | Found a staircase to the Orcish Mines.
  9325 | D:9      | Identified the orb of Wayps {light, rCorr Int+3 Stlth+}
  9374 | D:9      | Noticed an arcanist
  9381 | D:9      | Killed an arcanist
  9382 | D:9      | Reached skill level 9 in Evocations
  9447 | D:9      | Found an ancient bone altar of Kikubaaqudgha.
  9717 | D:10     | Entered Level 10 of the Dungeon
  9720 | D:10     | Found Iqas's Magic Scroll Shop.
  9722 | D:10     | Found Awnie's Distillery.
  9722 | D:10     | Found Otosuxoj's Armour Emporium.
  9722 | D:10     | Found Saiwar's Assorted Antiques.
  9745 | D:10     | Bought a scroll of identify for 26 gold pieces
  9745 | D:10     | Bought a scroll of identify for 26 gold pieces
  9745 | D:10     | Bought a scroll of identify for 26 gold pieces
  9745 | D:10     | Bought 2 scrolls of identify for 52 gold pieces
  9786 | D:10     | Reached XP level 11. HP: 89/89 MP: 3/11
  9858 | D:10     | Noticed Snorg
  9873 | D:10     | Killed Snorg
 10145 | D:10     | Noticed Lodul
 10153 | D:10     | Killed Lodul
 10161 | D:10     | Reached skill level 10 in Evocations
 10561 | D:10     | Found Vaemor's Armour Shop.
 10568 | D:10     | Reached skill level 5 in Dodging
 10688 | D:10     | Found a staircase to the Lair.
 10803 | D:10     | Noticed a two-headed ogre
 10813 | D:10     | Killed a two-headed ogre
 10868 | D:10     | Reached skill level 11 in Evocations
 11307 | Lair:1   | Entered Level 1 of the Lair of Beasts
 11358 | D:10     | Bought a potion of invisibility for 104 gold pieces
 11358 | D:10     | Bought a potion of heal wounds for 65 gold pieces
 11358 | D:10     | Bought a potion of resistance for 130 gold pieces
 11686 | Lair:1   | Reached XP level 12. HP: 95/95 MP: 4/12
 11850 | Lair:1   | Found a runed translucent door.
 11851 | Lair:1   | Noticed a five-headed hydra
 11851 | Lair:1   | Noticed Gadrel's ghost (journeyman CoFE)
 12162 | Lair:1   | Reached skill level 12 in Evocations
 12569 | Lair:2   | Found a staircase to the Shoals.
 12772 | Lair:2   | Noticed an eight-headed hydra
 12783 | Lair:2   | Killed an eight-headed hydra
 13451 | Lair:2   | Found a runed translucent door.
 13452 | Lair:2   | Noticed jamsaran's ghost (journeyman DgAl)
 13677 | Lair:2   | Noticed Amaemon
 13681 | Lair:2   | Amaemon changed into Amaemon the hog
 13681 | Lair:2   | Noticed Amaemon
 13686 | Lair:2   | Killed Amaemon the hog
 13756 | Lair:2   | Reached skill level 10 in Fighting
 13764 | Lair:2   | Reached skill level 5 in Armour
 13770 | Lair:2   | Reached skill level 13 in Evocations
 14345 | Lair:3   | Found a hole to the Spider Nest.
 14712 | Lair:3   | Noticed a six-headed hydra
 14722 | Lair:3   | Killed a six-headed hydra
 15423 | Lair:4   | Reached XP level 13. HP: 93/104 MP: 13/13
 15592 | Lair:4   | Reached skill level 14 in Evocations
 16417 | Lair:4   | Found a staircase to the Slime Pits.
 16960 | Lair:4   | Reached skill level 10 in Maces & Flails
 17283 | Lair:4   | Reached skill level 15 in Evocations
 17732 | Orc:1    | Entered Level 1 of the Orcish Mines
 17735 | Orc:1    | Paralysed by an orc sorcerer for 4 turns
 17827 | Orc:2    | Entered Level 2 of the Orcish Mines
 17827 | Orc:2    | Found a staircase to the Elven Halls.
 18541 | Lair:5   | Entered Level 5 of the Lair of Beasts
 18711 | Lair:5   | Reached skill level 16 in Evocations
 18750 | Lair:5   | Reached skill level 1 in Stealth
 18762 | Lair:5   | Reached XP level 14. HP: 97/113 MP: 14/14
 18762 | Lair:5   | Acquired a supertungsten module {rPois Will+ rCorr Clar
                  | RMsl}
 19048 | Lair:5   | Learned a level 3 spell: Mephitic Cloud
 19052 | Lair:5   | Learned a level 3 spell: Fugue of the Fallen
 19057 | Lair:5   | Learned a level 4 spell: Olgreb's Toxic Radiance
 19177 | Lair:5   | Reached skill level 1 in Alchemy
 19196 | Lair:5   | Reached skill level 1 in Spellcasting
 21748 | Orc:1    | Reached skill level 5 in Alchemy
 22215 | Orc:2    | Reached XP level 15. HP: 118/118 MP: 19/19
 22258 | Orc:2    | Reached skill level 1 in Necromancy
 22311 | Orc:2    | Found Vutoez's Book Emporium.
 22311 | Orc:2    | Found Zitenu Teaqu's Antique Weapon Emporium.
 22313 | Orc:2    | Found Gocsycaa's Jewellery Boutique.
 22313 | Orc:2    | Found Enelokhu's Antique Armour Boutique.
 23127 | Orc:2    | Bought a fading scale mail for 261 gold pieces
 23127 | Orc:2    | Identified the +5 scale mail of the Endless Expanse {rF+}
                  | (You bought it in a shop on level 2 of the Orcish Mines)
 23189 | Elf:1    | Entered Level 1 of the Elven Halls
 23388 | D:9      | Noticed Joseph
 23401 | D:9      | Killed Joseph
 23564 | D:11     | You fall into a shaft and drop 3 floors!
 23641 | D:13     | Noticed Nessos
 23710 | D:13     | Killed Nessos
 23722 | D:13     | Reached skill level 5 in Spellcasting
 23747 | D:13     | Reached skill level 5 in Necromancy
 23849 | D:13     | Found a gate to the Vaults.
 24984 | D:11     | Noticed Harold
 24996 | D:11     | Killed Harold
 25427 | D:12     | Noticed Azrael
 25439 | D:12     | Reached skill level 1 in Throwing
 25464 | D:12     | Killed Azrael
 25895 | D:12     | Found a runed translucent door.
 25930 | D:12     | Found an opulent altar of Gozag.
 25957 | D:12     | Found a shadowy altar of Dithmenos.
 26083 | D:12     | Found an opulent altar of Gozag.
 26146 | D:12     | Found a glowing golden altar of the Shining One.
 26217 | D:12     | Found a stormy altar of Qazlal.
 26247 | D:12     | Found a glowing silver altar of Zin.
 26911 | D:13     | Reached skill level 17 in Evocations
 27803 | D:14     | Identified the +0 leather armour of Gallantry {Regen+}
 27964 | D:14     | Reached XP level 16. HP: 124/127 MP: 23/23
 28393 | D:14     | Noticed a tengu reaver
 28405 | D:14     | Killed a tengu reaver
 28938 | D:14     | Identified the +2 pair of gloves of Deneus {Int+6}
 29319 | D:14     | Noticed a sphinx
 29332 | D:14     | Killed a sphinx
 29543 | D:10     | Bought a condenser vane for 1040 gold pieces
 29543 | D:10     | Bought a wand of paralysis (4) for 249 gold pieces
 29551 | D:10     | Bought a scroll of enchant weapon for 97 gold pieces
 29560 | D:10     | Bought a potion of might for 68 gold pieces
 29560 | D:10     | Bought a potion of heal wounds for 85 gold pieces
 29637 | Lair:1   | Killed Gadrel's ghost
 29650 | Lair:1   | Reached XP level 17. HP: 120/137 MP: 23/25
 29784 | Lair:2   | Killed jamsaran's ghost
 30191 | D:6      | Killed THTSBRD's ghost
 30192 | D:6      | Reached skill level 18 in Evocations
 30340 | D:15     | Entered Level 15 of the Dungeon
 31157 | D:15     | Found a staircase to the Depths.
 33360 | Elf:1    | Paralysed by an air elemental for 1 turns
 33764 | Elf:1    | Identified a scroll of acquirement
 33764 | Elf:1    | Acquired 471 gold pieces
 34109 | Elf:2    | Found a runed translucent door.
 34119 | Elf:2    | Paralysed by an air elemental for 1 turns
 34124 | Elf:2    | Paralysed by an air elemental for 1 turns
 34134 | Elf:2    | Paralysed by an air elemental for 1 turns
 34146 | Elf:2    | Paralysed by an air elemental for 1 turns
 34154 | Elf:2    | Paralysed by an air elemental for 1 turns
 34167 | Elf:2    | Paralysed by an air elemental for 1 turns
 34483 | Elf:2    | Learned a level 2 spell: Blink
 34638 | Elf:2    | Reached XP level 18. HP: 83/143 MP: 26/28
 34647 | Elf:2    | HP: 6/143 [+2 whip of electrocution (14)]
 34652 | Elf:2    | HP: 1/143 [spriggan air mage/the air (20)]
 34653 | Elf:2    | Mangled by a spriggan air mage

Illustrated notes

Levels and vault maps discovered:
D:1:      scummos_arrival_simple_crosswalls, layout_loops_ring
D:2:      layout_loops_ring, kennysheep_another_room
D:3:      layout_basic, bloody_makhleb, serial_bayou, serial_bayou_ford_a,
          serial_bayou_shore_a, serial_bayou_crossing, serial_bayou_lagoon_a,
          portal_sewer_entry_f, minmay_misc_feat_encased,
          corexii_item_surrounded_by_moat
D:4:      layout_loops_corners, serial_shops, shop, guppyfry_shop_venom
D:5:      layout_basic, lemuel_tele_altar, mainiacjoe_overflow_small_starburst,
          minmay_temple_entry_statues, uniq_prince_ribbit1
D:6:      layout_loops_ring, nicolae_ru_great_annihilating_truth,
          ebering_ghost_rock_garden, serial_co_window_serial,
          co_window_corner_a, co_window_corner_a, co_window_corner_a,
          co_window_of_opportunity_a, co_window_paths_b,
          co_window_of_opportunity_a, co_window_paths_a, co_window_paths_b,
          co_window_paths_a, co_window_unsneaky_path_e, co_window_2corner,
          co_window_of_opportunity_b, glass_columns_a, glass_columns_a
D:7:      layout_loops_corners, kennysheep_little_box
D:8:      layout_basic, minmay_gold_behind_fungi, minmay_misc_feat_four_crosses,
          uniq_psyche, uniq_maggie
D:9:      layout_long_grid, mainiacjoe_overflow_boulevard, kennysheep_mini,
          erik_orc_4, lightli_wizard_tower, uniq_grum, uniq_joseph
D:10:     kennysheep_blocky_hall, layout_cave_pods, dpeg_oklobed_lair,
          serial_shops, shop, nicolae_wooded_promenade,
          minmay_misc_feat_diagonals, uniq_snorg, uniq_lodul
D:11:     layout_loops_ring, minmay_circle_x, uniq_harold
D:12:     due_megacathedral, layout_long_grid, grunt_decor_fettered,
          hive_lemuel, uniq_azrael
D:13:     kennysheep_room_grid, layout_basic, david_vaults_3
D:14:     minmay_box_of_curves, layout_loops_corners,
          hangedman_decor_peaks_small, lightli_corner_chamber
D:15:     grunt_enter_depths_hoard, layout_basic, serial_park_fountain
Temple:   nicolae_temple_bog_church
Lair:1:   layout_gridlike, ebering_ghost_inner_flame
Lair:2:   layout_cave_pods, elwin_shoals_entry_rocks,
          ebering_ghost_reflecting_pool, uniq_amaemon
Lair:3:   layout_small_grid, nicolae_spider_entry_orb_guardian
Lair:4:   kb_forest_paths, layout_regular_city, minmay_slime_entry_eyes
Lair:5:   wormcave, layout_gridlike, hangedman_lair_in_review, lemuel_fruit_tree
Orc:1:    layout_caves
Orc:2:    st_orc_elflike, layout_diamond_mine
Elf:1:    eino_elf_arrival_the_gate, layout_geoelf_octagon,
          hangedman_elf_disciples
Elf:2:    nicolae_elf_blades_crystal_corner, layout_loops_cross,
          hangedman_aerie_drop

Skill      XL: |  1  2  3  4  5  6  7  8  9 10 11 12 13 14 15 16 17 |
---------------+----------------------------------------------------+-----
Ranged Weapons | 4 |  4.2
Fighting       | 3 4 5 6 7 9 10 11 12 13 | 13.2
Armour         | 2 3 5 7 9 |  9.0
Maces & Flails | 1 3 4 5 7 8 9 10 13 | 13.3
Short Blades   | 1 2 4 5 6 |  6.3
Evocations     | 1 4 6 9 11 13 16 17 18 | 18.0
Dodging        | 3 6 7 9 |  9.0
Stealth        | 1 3 |  3.0
Alchemy        | 6 |  6.0
Spellcasting   | 3 5 7 |  7.0
Necromancy     | 5 7 |  7.0
Throwing       | 3 |  3.0
Translocations | |  0.8

Action                     |  1- 3 |  4- 6 |  7- 9 | 10-12 | 13-15 | 16-18 || total
---------------------------+-------+-------+-------+-------+-------+-------++-------
  Melee: Dagger            |       |    29 |   325 |   673 |  1316 |   540 ||  2883
         Whip              |       |    25 |   334 |   613 |       |       ||   972
         Sling             |       |     8 |       |       |       |       ||     8
         Demon whip        |       |       |       |    52 |  1333 |   559 ||  1944
   Fire: Sling             |   160 |   142 |       |       |       |       ||   302
   Cast: Fugue of the Fall |       |       |       |       |       |     6 ||     6
         Blink             |       |       |       |       |       |     5 ||     5
 Invoke: Call Merchant     |       |       |       |     2 |       |       ||     2
Ability: Invent Gizmo      |       |       |       |       |     1 |       ||     1
  Evoke: Wand              |       |       |       |    15 |    35 |    10 ||    60
         Sack of spiders   |       |       |       |       |       |     2 ||     2
         Lightning rod     |       |       |       |       |       |     1 ||     1
         Condenser vane    |       |       |       |       |       |     1 ||     1
    Use: Scroll            |       |       |    11 |    14 |     8 |     9 ||    42
         Potion            |       |       |       |     1 |     3 |     7 ||    11
   Stab: Distracted        |       |       |     1 |     3 |     9 |     5 ||    18
         Paralysed         |       |       |     1 |     5 |    27 |       ||    33
         Invisible         |       |       |     1 |       |       |       ||     1
         Petrified         |       |       |       |       |     8 |       ||     8
         Sleeping          |       |       |       |       |     1 |     2 ||     3
         Held in net/web   |       |       |       |       |       |     4 ||     4
 Armour: Leather armour    |     1 |       |       |       |       |       ||     1
         Scale mail        |     5 |    47 |   297 |   480 |  1022 |   373 ||  2224
  Dodge: Dodged            |     7 |    22 |   184 |   378 |   805 |   252 ||  1648
         Repelled          |       |       |       |       |    31 |    54 ||    85

Table legend: (Time is in decaauts)
 A = Elapsed time spent in this place.
 B = Non-inter-level travel time spent in this place.
 C = Inter-level travel time spent in this place.
 D = Time resting spent in this place.
 E = Time spent auto-exploring this place.
 F = Levels seen in this place.
 G = Mean time per level.
                   A        B        C        D        E       F      G
               +--------+--------+--------+--------+--------+-----+--------+
         Total |  33818 |  31843 |   1975 |   2881 |  22587 |  26 | 1300.7 |
       Dungeon |  19073 |  17719 |   1354 |    901 |  13270 |  15 | 1271.5 |
        Temple |     70 |     57 |     13 |     54 |      0 |   1 |   70.0 |
          Lair |   9341 |   8858 |    483 |    162 |   7166 |   5 | 1868.2 |
  Orcish Mines |   2052 |   1976 |     76 |    655 |    733 |   2 | 1026.0 |
   Elven Halls |   2854 |   2806 |     48 |   1109 |   1124 |   2 | 1427.0 |
         Sewer |    426 |    426 |      0 |      0 |    292 |   1 |  426.0 |
               +--------+--------+--------+--------+--------+-----+--------+

Top non-repeatable levels by time:
  Lair:5: 2894 daAuts
  Lair:4: 2310 daAuts
   Elf:1: 2268 daAuts
    D:10: 2194 daAuts
  Lair:2: 2013 daAuts
    D:14: 1974 daAuts
    D:12: 1652 daAuts
     D:9: 1601 daAuts
     D:6: 1520 daAuts
    D:13: 1441 daAuts
    D:11: 1250 daAuts
     D:7: 1207 daAuts
     D:4: 1155 daAuts
   Orc:2: 1109 daAuts
  Lair:3: 1074 daAuts
